 Dungeon Crawl Stone Soup version 0.28.0 (webtiles) character file.

Game seed: 5971786903474782567

5098 GrayStillPlays the Blocker (level 10, -2/82 HPs)
             Began as a Gnoll Fighter on Feb 12, 2022.
             Was an Initiate of Gozag.
             Slain by a seven-headed hydra (10 damage)
             ... on level 9 of the Dungeon.
             The game lasted 00:22:47 (10299 turns).

GrayStillPlays the Blocker (Gnoll Fighter)         Turns: 10299, Time: 00:22:48

Health: -2/82      AC: 20    Str: 16    XL:     10   Next: 57%
Magic:  18/18      EV:  8    Int: 12    God:    Gozag
Gold:   481        SH:  0    Dex: 11    Spells: 19/19 levels left

rFire   . . .      SeeInvis .   W - +2 quarterstaff (spect) {staff}
rCold   + . .      Faith    .   (shield currently unavailable)
rNeg    . . .      Spirit   .   f - +2 chain mail {Will+}
rPois   +          Reflect  .   T - +2 helmet
rElec   .          Harm     .   (no cloak)
rCorr   .          Rampage  .   x - +0 pair of gloves
Will    +....                   P - +1 pair of boots
Stlth   ..........              (no amulet)
HPRegen 0.23/turn               q - ring of protection from cold
MPRegen 0.16/turn               O - ring of poison resistance

@: no status effects
A: fangs 1, strong nose, distributed training
a: Renounce Religion, Potion Petition, Call Merchant, Bribe Branch


You were on level 9 of the Dungeon.
You worshipped Gozag.
Gozag was aware of your devotion.
You visited 2 branches of the dungeon, and saw 10 of its levels.
You also visited: Sewer and Ossuary.

You collected 575 gold pieces.
You paid 94 gold pieces to Gozag.


Innate Abilities, Weirdness & Mutations

You have very sharp teeth.
Your uncanny sense of smell can sniff out nearby items.
Your experience applies equally to all skills.


   Skills:
 + Level 8.6 Fighting
 + Level 5.4 Short Blades
 + Level 5.4 Long Blades
 + Level 7.2 Axes
 + Level 5.4 Maces & Flails
 + Level 5.4 Polearms
 + Level 5.4 Staves
 + Level 5.4 Slings
 + Level 5.4 Bows
 + Level 5.4 Crossbows
 + Level 5.4 Throwing
 + Level 8.6 Armour
 + Level 5.4 Dodging
 + Level 5.4 Stealth
 + Level 8.6 Shields
 + Level 5.4 Unarmed Combat
 + Level 5.4 Spellcasting
 + Level 4.4 Conjurations
 + Level 4.4 Hexes
 + Level 4.4 Summonings
 + Level 4.4 Necromancy
 + Level 4.4 Translocations
 + Level 4.4 Transmutations
 + Level 4.4 Fire Magic
 + Level 4.4 Ice Magic
 + Level 4.4 Air Magic
 + Level 4.4 Earth Magic
 + Level 4.4 Poison Magic
 + Level 5.9 Invocations
 + Level 5.4 Evocations


You had 19 spell levels left.
You didn't know any spells.
Your spell library contained the following spells:

 Spells                   Type           Power      Damage    Failure   Level
 Animate Skeleton         Necr           28%        N/A       34%         1
 Apportation              Tloc           28%        N/A       34%         1
 Beastly Appendage        Tmut           28%        N/A       34%         1
 Summon Small Mammal      Summ           56%        N/A       34%         1
 Wereblood                Tmut           14%        N/A       47%         2
 Spider Form              Tmut/Pois      14%        N/A       71%         3
 Alistair's Intoxication  Tmut/Pois      9%         N/A       100%        5

Inventory:

Hand Weapons
 a - a +0 war axe {axe}
 h - a +1 dagger of electrocution {short}
   (You took it off a kobold on level 4 of the Dungeon)
 v - a +4 hunting sling {sling}
   (You took it off an orc on level 3 of the Dungeon)
 w - a +2 whip of draining {mace}
   (You found it on level 3 of the Dungeon)
 Q - a +4 scimitar {long}
   (You took it off a wight on level 6 of the Dungeon)
 U - a +2 whip of flaming {mace}
   (You took it off Pikel on level 7 of the Dungeon)
 W - a +2 spectral quarterstaff (weapon) {staff}
   (You found it on level 8 of the Dungeon)
Missiles
 e - 344 stones {throwing}
 l - 60 bolts
 o - 60 sling bullets
 s - 115 arrows
 t - 5 boomerangs {throwing}
 K - a poisoned dart {throwing}
 V - 4 throwing nets {=f!fthrowing}
 Y - 3 atropa-tipped darts (quivered) {throwing}
Armour
 c - a +0 buckler
 f - a +2 chain mail of willpower (worn)
   (You found it on level 1 of the Dungeon)
 p - the +1 leather armour "Jercheph" {rPois}
   (You found it on level 2 of the Dungeon)

   rPois:     It protects you from poison.
 x - a +0 pair of gloves (worn)
   (You found it on level 7 of the Dungeon)
 P - a +1 pair of boots (worn)
   (You found it on level 6 of the Dungeon)
 T - a +2 helmet (worn)
   (You found it on level 7 of the Dungeon)
Jewellery
 k - a ring of fire
   (You found it on level 2 of the Dungeon)
 q - a ring of protection from cold (left hand)
   (You found it on level 2 of the Dungeon)
 H - a ring of positive energy
   (You found it in an ossuary)
 O - a ring of poison resistance (right hand)
   (You found it in an ossuary)
Scrolls
 g - a scroll of magic mapping {unknown}
 j - a scroll of acquirement {unknown}
 m - 3 scrolls of immolation {!r!r}
 n - 5 scrolls of teleportation {@r4}
 r - a scroll of fog {unknown}
 u - a scroll of amnesia {unknown}
 y - a scroll of blinking {unknown}
 C - a scroll of vulnerability {unknown}
 G - a scroll of enchant weapon {unknown}
 L - a scroll of silence {unknown}
 M - a scroll of torment {unknown}
 R - a scroll of fear {unknown}
Potions
 b - 2 potions of curing {@q1}
 d - a potion of might
 i - a potion of mutation {unknown}
 z - 3 potions of invisibility {unknown}
 A - 6 potions of heal wounds {@q2}
 B - 3 potions of brilliance {unknown}
 D - 4 potions of degeneration {!q@e2}
 E - 6 potions of haste {@q3}
 F - 2 potions of ambrosia {unknown}
 I - 2 potions of lignification {unknown}
 J - a potion of attraction {unknown}
 N - 2 potions of flight
 S - a potion of berserk rage {unknown}

Dungeon Overview and Level Annotations

Branches:
Dungeon (9/15)             Temple (1/1) D:6           Sewer (visited)
Ossuary (visited)
   Lair: D:8-11         Orc: D:9-12

Altars:
Ashenzari
Cheibriados
Dithmenos
Elyvilon
Fedhas
Gozag
Kikubaaqudgha
Makhleb
Nemelex Xobeh
Okawaru
Qazlal
Sif Muna
Uskayaw
Vehumet
Wu Jian
Yredelemnul
Zin
The Shining One
Beogh

Shops:
D:5

* ..............
_..⌠.............
.[................
...................
....._...#.........
#......#..........
#................
##...............
##.....(@.<.......
.#......D..........
...................
...................
...................
..§................
$
.§.................
≈≈......#..........
.......###....#.


You could see a seven-headed hydra and a friendly +2 spectral quarterstaff
{staff} (summoned).


Message History

You enter the shallow water.
Moving in this stuff is going to be slow.
Found a stone staircase leading down.
You enter the shallow water.
Moving in this stuff is going to be slow.
You enter the shallow water.
Moving in this stuff is going to be slow.
Done exploring.
Done exploring.
What are your orders? t - Bark!
Orders for allies: a - Attack new target. r - Retreat! s - Stop attacking. g - Guard the area. f - Follow me.
Anything else - Cancel.
Okay, then.
As you read the scroll of identify {@r1}, it crumbles to dust.
E - 6 potions of haste
As you read the scroll of identify {@r1}, it crumbles to dust.
N - 2 potions of flight
There is a stone staircase leading down here.
You climb downwards.
Found a snail-covered altar of Cheibriados.
There is a stone staircase leading up here.
A seven-headed hydra comes into view.
The seven-headed hydra roars!
Throw: 3 darts (atropa) {throwing}
Press: ? - help, Q - select action, (/) - cycle Shift-Dir - straight line, f - seven-headed hydra
Aim: a seven-headed hydra (80% to hit, chance to blind on hit: 3%)
Okay, then.
Found a scale mail.
Found an iron altar of Okawaru.
You sock the seven-headed hydra!
You bite the seven-headed hydra, but do no damage.
Your +2 spectral quarterstaff {staff} hits the seven-headed hydra!
The seven-headed hydra bites you.
The seven-headed hydra barely misses you.
The seven-headed hydra bites you. x2
The seven-headed hydra barely misses you.
The seven-headed hydra bites you.
The seven-headed hydra barely misses you. x2
The seven-headed hydra bites you but does no damage.
The seven-headed hydra bites you.
The seven-headed hydra closely misses you.
The seven-headed hydra bites you. x2
The seven-headed hydra bites you but does no damage. 😮 HP[-23]
You take 23 damage, and now have 59/82 hp.
MASSIVE DAMAGE!! (PAUSE)
You hit the seven-headed hydra.
Your +2 spectral quarterstaff {staff} hits the seven-headed hydra.
The seven-headed hydra bites your +2 spectral quarterstaff {staff}.
Your spectral weapon shares its damage with you!
The seven-headed hydra bites your +2 spectral quarterstaff {staff}.
Your spectral weapon shares its damage with you!
The seven-headed hydra bites your +2 spectral quarterstaff {staff}!
Your spectral weapon shares its damage with you!
The seven-headed hydra bites your +2 spectral quarterstaff {staff}.
The seven-headed hydra bites your +2 spectral quarterstaff {staff}!
Your spectral weapon shares its damage with you!
Your +2 spectral quarterstaff {staff} fades away.
The seven-headed hydra bites you. The seven-headed hydra bites you!
* * * LOW HITPOINT WARNING * * *
😨 HP[-24]
You take 24 damage, and now have 35/82 hp.
MASSIVE DAMAGE!! (PAUSE)
You thump the seven-headed hydra!
Your +2 spectral quarterstaff {staff} hits the seven-headed hydra!
The seven-headed hydra bites you.
* * * LOW HITPOINT WARNING * * *
The seven-headed hydra bites you but does no damage.
The seven-headed hydra closely misses you.
The seven-headed hydra bites you.
* * * LOW HITPOINT WARNING * * *
The seven-headed hydra bites you!
* * * LOW HITPOINT WARNING * * *
The seven-headed hydra barely misses you.
The seven-headed hydra completely misses you. 😨 HP[-13]
You take 13 damage, and now have 22/82 hp.
You completely miss the seven-headed hydra.
Your +2 spectral quarterstaff {staff} hits the seven-headed hydra.
The seven-headed hydra barely misses you.
The seven-headed hydra bites you!
* * * LOW HITPOINT WARNING * * *
The seven-headed hydra bites you but does no damage.
The seven-headed hydra barely misses you.
The seven-headed hydra bites you.
* * * LOW HITPOINT WARNING * * *
The seven-headed hydra bites you but does no damage.
The seven-headed hydra closely misses you. 😱 HP[-13]
You take 13 damage, and now have 9/82 hp.
You hit the seven-headed hydra.
Your +2 spectral quarterstaff {staff} hits the seven-headed hydra!
The seven-headed hydra bites you.
* * * LOW HITPOINT WARNING * * *
The seven-headed hydra bites you but does no damage.
The seven-headed hydra bites you!
You die...
Your body crumbles into a pile of gold.

Skill      XL: |  1  2  3  4  5  6  7  8  9 10 |
---------------+-------------------------------+-----
Invocations    | 1 2 3 4 5 |  5.9
Short Blades   | 1 2 3 4 5 |  5.4
Long Blades    | 1 2 3 4 5 |  5.4
Maces & Flails | 1 2 3 4 5 |  5.4
Polearms       | 1 2 3 4 5 |  5.4
Staves         | 1 2 3 4 5 |  5.4
Slings         | 1 2 3 4 5 |  5.4
Bows           | 1 2 3 4 5 |  5.4
Crossbows      | 1 2 3 4 5 |  5.4
Throwing       | 1 2 3 4 5 |  5.4
Dodging        | 1 2 3 4 5 |  5.4
Stealth        | 1 2 3 4 5 |  5.4
Unarmed Combat | 1 2 3 4 5 |  5.4
Spellcasting   | 1 2 3 4 5 |  5.4
Evocations     | 1 2 3 4 5 |  5.4
Conjurations   | 1 2 3 4 |  4.4
Hexes          | 1 2 3 4 |  4.4
Summonings     | 1 2 3 4 |  4.4
Necromancy     | 1 2 3 4 |  4.4
Translocations | 1 2 3 4 |  4.4
Transmutations | 1 2 3 4 |  4.4
Fire Magic     | 1 2 3 4 |  4.4
Ice Magic      | 1 2 3 4 |  4.4
Air Magic      | 1 2 3 4 |  4.4
Earth Magic    | 1 2 3 4 |  4.4
Poison Magic   | 1 2 3 4 |  4.4
Axes           | 5 6 7 |  7.2
Fighting       | 7 8 |  8.6
Armour         | 7 8 |  8.6
Shields        | 7 8 |  8.6

Action                   |  1- 3 |  4- 6 |  7- 9 | 10-12 || total
-------------------------+-------+-------+-------+-------++-------
Melee: War axe           |   129 |   221 |   468 |       ||   818
       Bite              |    10 |    18 |    73 |    12 ||   113
       Scimitar          |       |       |    14 |    54 ||    68
       Quarterstaff      |       |       |       |    43 ||    43
 Fire: Hunting sling     |       |       |     6 |       ||     6
Throw: Dart              |       |     2 |     3 |       ||     5
  Use: Scroll            |       |     3 |     2 |     2 ||     7
       Potion            |       |       |     2 |       ||     2
 Stab: Distracted        |       |       |     1 |     1 ||     2
Armor: Scale mail        |    42 |       |       |       ||    42
       Chain mail        |    52 |   156 |   280 |    52 ||   540
Dodge: Dodged            |    39 |    64 |   153 |    39 ||   295
Block: Buckler           |    32 |    54 |   119 |    16 ||   221

Levels and vault maps discovered:
D:1:      lordsloth_arrival_two_stooges, layout_basic, basic_ecumenical_altar
D:2:      layout_basic
D:3:      layout_rooms, marbit_many_paths, biasface_ghost_orc_armoury,
          minmay_crystal_water
D:4:      layout_gridville, cheibrodos_sewer_entry_sluice,
          minmay_stone_trees_small
D:5:      layout_rooms, serial_shops, shop, enter_ossuary_1,
          hangedman_abyss_or_decor_slice, minmay_misc_feat_more_columns
D:6:      minmay_chambers_of_threes, layout_gridville, minmay_temple_entry_ruins
D:7:      layout_cave_pools, grunt_temple_overflow_opulence, uniq_duvessa
D:8:      wander_river, layout_basic, uniq_harold, uniq_pikel
D:9:      layout_big_octagon, grunt_temple_overflow_open,
          mainiacjoe_overflow_cross_hatched, minmay_door_square,
          blue_anna_alchemist, uniq_erolcha, uniq_erica, uniq_maurice
Temple:   cyrus_circular_temple

Notes
Turn   | Place    | Note
-------+----------+-------------------------------------------
     0 | D:1      | GrayStillPlays the Gnoll Fighter began the quest for the
                  | Orb.
     0 | D:1      | Reached XP level 1. HP: 23/23 MP: 1/1
     0 | D:1      | magus.rc [v1.9.6]
    72 | D:1      | Reached XP level 2. HP: 29/29 MP: 2/2
   269 | D:1      | Found a faded altar of an unknown god.
   743 | D:2      | Reached XP level 3. HP: 33/35 MP: 3/3
   819 | D:2      | Reached skill level 1 in Invocations
  1075 | D:2      | Identified the +1 leather armour "Jercheph" {rPois}
  1438 | D:2      | Reached skill level 1 in Short Blades
  1438 | D:2      | Reached skill level 1 in Long Blades
  1438 | D:2      | Reached skill level 1 in Maces & Flails
  1438 | D:2      | Reached skill level 1 in Polearms
  1438 | D:2      | Reached skill level 1 in Staves
  1438 | D:2      | Reached skill level 1 in Slings
  1438 | D:2      | Reached skill level 1 in Bows
  1438 | D:2      | Reached skill level 1 in Crossbows
  1438 | D:2      | Reached skill level 1 in Throwing
  1438 | D:2      | Reached skill level 1 in Dodging
  1438 | D:2      | Reached skill level 1 in Stealth
  1438 | D:2      | Reached skill level 1 in Unarmed Combat
  1438 | D:2      | Reached skill level 1 in Spellcasting
  1438 | D:2      | Reached skill level 1 in Evocations
  1611 | D:3      | Reached XP level 4. HP: 39/41 MP: 5/5
  1730 | D:3      | HP: 9/41 [something/puff of flame (9)]
  1736 | D:3      | HP: 8/41 [something (1)]
  1743 | D:3      | HP: 5/41 [something (2)]
  1745 | D:3      | Reached skill level 1 in Conjurations
  1745 | D:3      | Reached skill level 1 in Hexes
  1745 | D:3      | Reached skill level 1 in Summonings
  1745 | D:3      | Reached skill level 1 in Necromancy
  1745 | D:3      | Reached skill level 1 in Translocations
  1745 | D:3      | Reached skill level 1 in Transmutations
  1745 | D:3      | Reached skill level 1 in Fire Magic
  1745 | D:3      | Reached skill level 1 in Ice Magic
  1745 | D:3      | Reached skill level 1 in Air Magic
  1745 | D:3      | Reached skill level 1 in Earth Magic
  1745 | D:3      | Reached skill level 1 in Poison Magic
  2043 | D:3      | Reached XP level 5. HP: 37/47 MP: 5/7
  2056 | D:3      | HP: 11/47 [something (2)]
  2317 | D:3      | Found a shimmering blue altar of Sif Muna.
  2342 | D:3      | Found a runed translucent gate.
  2344 | D:3      | Found a runed translucent gate.
  2344 | D:3      | Noticed js333's ghost (amateur DECj)
  2345 | D:3      | Found a runed translucent gate.
  2550 | D:3      | Killed js333's ghost
  2551 | D:3      | Reached skill level 2 in Invocations
  2551 | D:3      | Reached XP level 6. HP: 19/53 MP: 8/8
  2976 | D:4      | Reached skill level 5 in Axes
  2992 | D:4      | Found a glowing drain.
  3008 | D:4      | Reached skill level 2 in Short Blades
  3008 | D:4      | Reached skill level 2 in Long Blades
  3008 | D:4      | Reached skill level 2 in Maces & Flails
  3008 | D:4      | Reached skill level 2 in Polearms
  3008 | D:4      | Reached skill level 2 in Staves
  3008 | D:4      | Reached skill level 2 in Slings
  3008 | D:4      | Reached skill level 2 in Bows
  3008 | D:4      | Reached skill level 2 in Crossbows
  3008 | D:4      | Reached skill level 2 in Throwing
  3008 | D:4      | Reached skill level 2 in Dodging
  3008 | D:4      | Reached skill level 2 in Stealth
  3008 | D:4      | Reached skill level 2 in Unarmed Combat
  3008 | D:4      | Reached skill level 2 in Spellcasting
  3008 | D:4      | Reached skill level 2 in Evocations
  3031 | Sewer    | Entered a sewer
  3566 | D:4      | Reached skill level 7 in Fighting
  3566 | D:4      | Reached skill level 7 in Armour
  3566 | D:4      | Reached skill level 7 in Shields
  3566 | D:4      | Reached XP level 7. HP: 39/60 MP: 10/10
  3777 | D:4      | You pick up a book of Cantrips and begin reading...
  3777 | D:4      | You add the spells Animate Skeleton, Summon Small Mammal
                  | and Apportation to your library.
  4014 | D:4      | Reached skill level 2 in Conjurations
  4014 | D:4      | Reached skill level 2 in Hexes
  4014 | D:4      | Reached skill level 2 in Summonings
  4014 | D:4      | Reached skill level 2 in Necromancy
  4014 | D:4      | Reached skill level 2 in Translocations
  4014 | D:4      | Reached skill level 2 in Transmutations
  4014 | D:4      | Reached skill level 2 in Fire Magic
  4014 | D:4      | Reached skill level 2 in Ice Magic
  4014 | D:4      | Reached skill level 2 in Air Magic
  4014 | D:4      | Reached skill level 2 in Earth Magic
  4014 | D:4      | Reached skill level 2 in Poison Magic
  4160 | D:5      | Entered Level 5 of the Dungeon
  4160 | D:5      | Found a sand-covered staircase.
  4175 | Ossuary  | Entered an ossuary
  4202 | Ossuary  | HP: 14/60 [bog mummy (8)]
  4208 | Ossuary  | HP: 10/60 [bullfrog zombie (1)]
  4221 | Ossuary  | Reached skill level 3 in Invocations
  4279 | Ossuary  | Reached XP level 8. HP: 30/67 MP: 12/12
  4397 | Ossuary  | Reached skill level 3 in Short Blades
  4397 | Ossuary  | Reached skill level 3 in Long Blades
  4397 | Ossuary  | Reached skill level 3 in Maces & Flails
  4397 | Ossuary  | Reached skill level 3 in Polearms
  4397 | Ossuary  | Reached skill level 3 in Staves
  4397 | Ossuary  | Reached skill level 3 in Slings
  4397 | Ossuary  | Reached skill level 3 in Bows
  4397 | Ossuary  | Reached skill level 3 in Crossbows
  4397 | Ossuary  | Reached skill level 3 in Throwing
  4397 | Ossuary  | Reached skill level 3 in Dodging
  4397 | Ossuary  | Reached skill level 3 in Stealth
  4397 | Ossuary  | Reached skill level 3 in Unarmed Combat
  4397 | Ossuary  | Reached skill level 3 in Spellcasting
  4397 | Ossuary  | Reached skill level 3 in Evocations
  4487 | Ossuary  | HP: 16/67 [mummy (13)]
  4492 | Ossuary  | HP: 12/67 [bullfrog zombie (5)]
  5633 | D:5      | Noticed a wyvern
  5641 | D:5      | Killed a wyvern
  5642 | D:5      | Reached skill level 3 in Conjurations
  5642 | D:5      | Reached skill level 3 in Hexes
  5642 | D:5      | Reached skill level 3 in Summonings
  5642 | D:5      | Reached skill level 3 in Necromancy
  5642 | D:5      | Reached skill level 3 in Translocations
  5642 | D:5      | Reached skill level 3 in Transmutations
  5642 | D:5      | Reached skill level 3 in Fire Magic
  5642 | D:5      | Reached skill level 3 in Ice Magic
  5642 | D:5      | Reached skill level 3 in Air Magic
  5642 | D:5      | Reached skill level 3 in Earth Magic
  5642 | D:5      | Reached skill level 3 in Poison Magic
  5642 | D:5      | Reached skill level 4 in Invocations
  5800 | D:5      | Found Xerhigui's General Store.
  5936 | D:5      | You pick up a book of Changes and begin reading...
  5936 | D:5      | You add the spells Beastly Appendage, Wereblood and Spider
                  | Form to your library.
  5962 | D:5      | Reached skill level 6 in Axes
  6098 | D:5      | Reached XP level 9. HP: 61/73 MP: 14/14
  6433 | D:6      | Reached skill level 4 in Short Blades
  6433 | D:6      | Reached skill level 4 in Long Blades
  6433 | D:6      | Reached skill level 4 in Maces & Flails
  6433 | D:6      | Reached skill level 4 in Polearms
  6433 | D:6      | Reached skill level 4 in Staves
  6433 | D:6      | Reached skill level 4 in Slings
  6433 | D:6      | Reached skill level 4 in Bows
  6433 | D:6      | Reached skill level 4 in Crossbows
  6433 | D:6      | Reached skill level 4 in Throwing
  6433 | D:6      | Reached skill level 4 in Dodging
  6433 | D:6      | Reached skill level 4 in Stealth
  6433 | D:6      | Reached skill level 4 in Unarmed Combat
  6433 | D:6      | Reached skill level 4 in Spellcasting
  6433 | D:6      | Reached skill level 4 in Evocations
  6678 | D:6      | Found a staircase to the Ecumenical Temple.
  6684 | Temple   | Entered the Ecumenical Temple
  6886 | D:6      | You pick up a book of Party Tricks and begin reading...
  7888 | D:7      | Reached skill level 8 in Fighting
  7888 | D:7      | Reached skill level 8 in Armour
  7888 | D:7      | Reached skill level 8 in Shields
  8038 | D:7      | Noticed Dowan
  8040 | D:7      | Found a sparkling altar of Nemelex Xobeh.
  8040 | D:7      | Noticed Duvessa
  8201 | D:7      | Killed Duvessa
  8308 | D:7      | Found an opulent altar of Gozag.
  8313 | D:7      | Became a worshipper of Gozag Ym Sagoz the Greedy
  8421 | D:7      | Killed Dowan
  8422 | D:7      | Reached skill level 5 in Invocations
  8454 | D:8      | Noticed Harold
  8468 | D:8      | Noticed Pikel
  8493 | D:7      | Killed Pikel
  8494 | D:7      | Reached skill level 4 in Conjurations
  8494 | D:7      | Reached skill level 4 in Hexes
  8494 | D:7      | Reached skill level 4 in Summonings
  8494 | D:7      | Reached skill level 4 in Necromancy
  8494 | D:7      | Reached skill level 4 in Translocations
  8494 | D:7      | Reached skill level 4 in Transmutations
  8494 | D:7      | Reached skill level 4 in Fire Magic
  8494 | D:7      | Reached skill level 4 in Ice Magic
  8494 | D:7      | Reached skill level 4 in Air Magic
  8494 | D:7      | Reached skill level 4 in Earth Magic
  8494 | D:7      | Reached skill level 4 in Poison Magic
  8494 | D:7      | Reached XP level 10. HP: 22/80 MP: 15/17
  9087 | D:7      | Reached skill level 5 in Short Blades
  9087 | D:7      | Reached skill level 5 in Long Blades
  9087 | D:7      | Reached skill level 5 in Maces & Flails
  9087 | D:7      | Reached skill level 5 in Polearms
  9087 | D:7      | Reached skill level 5 in Staves
  9087 | D:7      | Reached skill level 5 in Slings
  9087 | D:7      | Reached skill level 5 in Bows
  9087 | D:7      | Reached skill level 5 in Crossbows
  9087 | D:7      | Reached skill level 5 in Throwing
  9087 | D:7      | Reached skill level 5 in Dodging
  9087 | D:7      | Reached skill level 5 in Stealth
  9087 | D:7      | Reached skill level 5 in Unarmed Combat
  9087 | D:7      | Reached skill level 5 in Spellcasting
  9087 | D:7      | Reached skill level 5 in Evocations
  9304 | D:8      | Killed Harold
  9305 | D:8      | Reached skill level 7 in Axes
 10288 | D:9      | Found a snail-covered altar of Cheibriados.
 10289 | D:9      | Noticed a seven-headed hydra
 10290 | D:9      | Found an iron altar of Okawaru.
 10298 | D:9      | HP: 12/82 [seven-headed hydra (10)]
 10299 | D:9      | Slain by a seven-headed hydra

Vanquished Creatures
  Harold (D:8)
  Pikel (D:7)
  A wyvern (D:5)
  5 yaks
  Duvessa (D:7)
  2 ice beasts
  A necrophage (D:5)
  An ogre (D:4)
  3 centaurs
  2 phantoms
  The ghost of js333 the Conjurer, an amateur DECj (D:3)
  3 bullfrogs
  A scorpion (D:6)
  A wyvern zombie (D:6)
  2 water moccasin zombies
  Dowan (D:7)
  7 wights
  4 centaur zombies (Ossuary)
  3 hounds
  4 bullfrog zombies
  2 orc priests
  2 centaur skeletons
  A jelly (D:7)
  A gnoll shaman (D:4)
  A bullfrog skeleton (D:6)
  An iguana (D:5)
  4 orc wizards
  A hell rat (Sewer)
  3 killer bee zombies (Ossuary)
  20 mummies (Ossuary)
  A hound skeleton (D:4)
  6 howler monkey zombies
  8 gnolls (D:4)
  3 river rats (Sewer)
  7 adders
  A shadow imp (D:8)
  A white imp (D:7)
  An ufetubus (D:5)
  3 worms
  A dart slug (D:4)
  24 orcs
  9 endoplasms
  3 giant cockroaches
  7 goblins
  5 hobgoblins
  4 quokkas
  6 ball pythons
  9 bats
  8 frilled lizards
  9 kobolds
  4 rats
201 creatures vanquished.

Vanquished Creatures (others)
  4 withered plants (Ossuary)
4 creatures vanquished.

Grand Total: 205 creatures vanquished

Table legend:
 A = Non-vault XP
 B = Vault XP
 C = Vault XP percentage of total XP
 D = Non-vault monster count
 E = Vault monster count
 F = Vault count percentage of total count
                 A         B        C        D         E       F
            +---------+---------+-------+---------+---------+-------
      Total |    3845 |    3438 |  47.2 |     137 |      64 |  31.8
            +---------+---------+-------+---------+---------+-------
        D:1 |      26 |       0 |   0.0 |      16 |       0 |   0.0
        D:2 |      49 |       0 |   0.0 |      21 |       0 |   0.0
        D:3 |     169 |     113 |  40.1 |      29 |       7 |  19.4
        D:4 |     590 |       6 |   1.0 |      30 |       2 |   6.2
        D:5 |     530 |       0 |   0.0 |       7 |       0 |   0.0
        D:6 |     402 |     528 |  56.8 |       7 |      12 |  63.2
        D:7 |    1170 |     913 |  43.8 |      12 |       3 |  20.0
        D:8 |     909 |     884 |  49.3 |      15 |       1 |   6.2
      Sewer |       0 |      76 | 100.0 |       0 |       5 | 100.0
    Ossuary |       0 |     918 | 100.0 |       0 |      34 | 100.0
            +---------+---------+-------+---------+---------+-------

Illustrated notes

Table legend:
 A = Kills in this place as a percentage of kills in entire the game.
 B = Kills by you in this place as a percentage of kills by you in the entire game.
 C = Kills by friends in this place as a percentage of kills by friends in the entire game.
 D = Other kills in this place as a percentage of other kills in the entire game.
 E = Experience gained in this place as a percentage of experience gained in the entire game.
 F = Experience gained in this place divided by the number of levels of this place that you have seen.
                   A       B       C       D       E      F
               +-------+-------+-------+-------+-------+----------------------
         Total | 100.0 | 100.0 |   N/A |   N/A | 100.0 | 606.9
       Dungeon |  80.6 |  80.6 |   N/A |   N/A |  86.4 | 698.8
         Sewer |   2.5 |   2.5 |   N/A |   N/A |   1.0 |  76.0
       Ossuary |  16.9 |  16.9 |   N/A |   N/A |  12.6 | 918.0
               +-------+-------+-------+-------+-------+----------------------

Table legend: (Time is in decaauts)
 A = Elapsed time spent in this place.
 B = Non-inter-level travel time spent in this place.
 C = Inter-level travel time spent in this place.
 D = Time resting spent in this place.
 E = Time spent auto-exploring this place.
 F = Levels seen in this place.
 G = Mean time per level.
                   A        B        C        D        E       F      G
               +--------+--------+--------+--------+--------+-----+--------+
         Total |  10598 |  10085 |    513 |   2361 |   5198 |  12 |  883.2 |
       Dungeon |   9094 |   8581 |    513 |   1622 |   4942 |   9 | 1010.4 |
        Temple |     59 |     59 |      0 |      0 |     41 |   1 |   59.0 |
         Sewer |    191 |    191 |      0 |     61 |      0 |   1 |  191.0 |
       Ossuary |   1252 |   1252 |      0 |    678 |    214 |   1 | 1252.0 |
               +--------+--------+--------+--------+--------+-----+--------+

Top non-repeatable levels by time:
     D:6: 1586 daAuts
     D:7: 1398 daAuts
     D:4: 1355 daAuts
     D:3: 1298 daAuts
 Ossuary: 1252 daAuts
     D:8: 1079 daAuts
     D:2: 937 daAuts
     D:5: 746 daAuts
     D:1: 681 daAuts
   Sewer: 191 daAuts
  Temple: 59 daAuts
     D:9: 10 daAuts
